| TOP OF THE 1ST |
|
Burlington Royals batting - Pitching for Seattle (APP) Mariners : RHP Manny Ojeda
|
|
Pitching: RHP Manny Ojeda
|
|
|
Batting: RHB Shura Mogilny
|
0-0: Ball 1-0: Foul Ball, location: 2F 1-1: Ball 2-1: Ball 3-1: Ground out 6-3 (Groundball, 6, EV 87.5 MPH)
|
|
Batting: RHB Tim Williams
|
0-0: Ball 1-0: Foul Ball, location: 2F 1-1: Foul Ball, location: 2F 1-2: Ball 2-2: Strikes out swinging
|
|
Batting: SHB Alex Cavazos
|
0-0: Ball 1-0: Ball 2-0: Ball 3-0: Base on Balls
|
|
Batting: RHB Hugo Chavez
|
0-0: Called Strike 0-1: Foul Ball, location: 2F 0-2: Ball 1-2: Fly out, F8 (Flyball, 8RD, EV 85.6 MPH)
|
| Top of the 1st over - 0 runs, 0 hits, 0 errors, 1 left on base; Burlington 0 - Seattle (APP) 0 |
| BOTTOM OF THE 1ST |
|
Seattle (APP) Mariners batting - Pitching for Burlington Royals : RHP Alex Rivas
|
|
Pitching: RHP Alex Rivas
|
|
|
Batting: RHB Chris Van Niel
|
0-0: Swinging Strike 0-1: Ball 1-1: Ground out 1-3 (Groundball, 34S, EV 71.2 MPH)
|
|
Batting: RHB Nick Edmunds
|
0-0: Called Strike 0-1: Ball 1-1: Swinging Strike 1-2: Ball 2-2: Ball 3-2: Strikes out looking
|
|
Batting: SHB Carlos Luna
|
0-0: Ball 1-0: Called Strike 1-1: Called Strike 1-2: SINGLE (Groundball, 6MS, EV 91.2 MPH) (infield hit)
|
|
Batting: LHB Chang Huie
|
0-0: Called Strike 0-1: Ball 1-1: Swinging Strike 1-2: Ball 2-2: Strikes out swinging
|
| Bottom of the 1st over - 0 runs, 1 hit, 0 errors, 1 left on base; Burlington 0 - Seattle (APP) 0 |
| TOP OF THE 2ND |
|
Burlington Royals batting - Pitching for Seattle (APP) Mariners : RHP Manny Ojeda
|
|
Batting: RHB Masakuni Takeuchi
|
0-0: Ball 1-0: Swinging Strike 1-1: Ball 2-1: Swinging Strike 2-2: SOLO HOME RUN (Flyball, 78XD, EV 110.0 MPH), Distance : 410 ft
|
|
Batting: RHB Jason Conner
|
0-0: Foul Ball, location: 2F 0-1: Fly out, F3 (Popup, 3S, EV 73.8 MPH)
|
|
Batting: RHB David Rubio
|
0-0: Swinging Strike 0-1: Ground out 5-3 (Groundball, 5, EV 102.5 MPH)
|
|
Batting: RHB Juan Nieves
|
0-0: Ground out 1-3 (Groundball, P, EV 66.9 MPH)
|
| Top of the 2nd over - 1 run, 1 hit, 0 errors, 0 left on base; Burlington 1 - Seattle (APP) 0 |
| BOTTOM OF THE 2ND |
|
Seattle (APP) Mariners batting - Pitching for Burlington Royals : RHP Alex Rivas
|
|
Batting: RHB Nick Ellis
|
0-0: Foul Ball, location: 2F 0-1: Called Strike 0-2: Foul Ball, location: 2F 0-2: SINGLE (Groundball, 4MD, EV 102.5 MPH)
|
|
Batting: RHB Carlton McDonald
|
0-0: Foul Ball, location: 2F 0-1: DOUBLE (Flyball, 78D, EV 102.5 MPH) Nick Ellis to third
|
|
Batting: RHB Joaquin Salazar
|
0-0: Called Strike 0-1: Foul Ball, location: 2F 0-2: Ball 1-2: Foul Ball, location: 2F 1-2: Ground out 4-3 (Groundball, 4, EV 104.4 MPH) Nick Ellis scores Carlton McDonald to third
|
|
Batting: LHB Yoshihisa Kobayashi
|
0-0: Swinging Strike 0-1: Ball 1-1: Foul Ball, location: 2F 1-2: Ball 2-2: Foul Ball, location: 2F 2-2: Strikes out swinging
|
|
Batting: RHB Josh Carpenter
|
0-0: Called Strike 0-1: Ball 1-1: Foul Ball, location: 2F 1-2: Ground out 4-3 (Groundball, 4, EV 97.5 MPH)
|
| Bottom of the 2nd over - 1 run, 2 hits, 0 errors, 1 left on base; Burlington 1 - Seattle (APP) 1 |
| TOP OF THE 3RD |
|
Burlington Royals batting - Pitching for Seattle (APP) Mariners : RHP Manny Ojeda
|
|
Batting: LHB Jayden Pelayo
|
0-0: SOLO HOME RUN (Flyball, 8RXD, EV 115.6 MPH), Distance : 431 ft
|
|
Batting: RHB Shura Mogilny
|
0-0: Ball 1-0: Foul Ball, location: 2F 1-1: Ball 2-1: Ball 3-1: Foul Ball, location: 2F 3-2: Base on Balls
|
|
Batting: RHB Tim Williams
|
0-0: Ball 1-0: Called Strike 1-1: Swinging Strike 1-2: Foul Ball, location: 2F 1-2: Strikes out swinging
|
|
Batting: SHB Alex Cavazos
|
0-0: Called Strike 0-1: Foul Ball, location: 2F 0-2: Ball 1-2: Fielders Choice at 2nd, 6-4 (Groundball, 6D, EV 85.6 MPH)
|
|
Batting: RHB Hugo Chavez
|
0-0: Ball 1-0: Foul Ball, location: 2F 1-1: Called Strike 1-2: 2-RUN HOME RUN (Flyball, 78XD, EV 112.5 MPH), Distance : 434 ft
|
|
Batting: RHB Masakuni Takeuchi
|
0-0: Ball 1-0: Swinging Strike 1-1: SOLO HOME RUN (Flyball, 78XD, EV 112.5 MPH), Distance : 412 ft
|
|
Batting: RHB Jason Conner
|
0-0: Foul Ball, location: 2F 0-1: Ball 1-1: SINGLE (Groundball, 56D, EV 95.6 MPH)
|
|
Batting: RHB David Rubio
|
0-0: Ball 1-0: Called Strike 1-1: Foul Ball, location: 2F 1-2: Foul Ball, location: 2F 1-2: Ground out 1-3 (Groundball, P, EV 65.6 MPH)
|
| Top of the 3rd over - 4 runs, 4 hits, 0 errors, 1 left on base; Burlington 5 - Seattle (APP) 1 |
| BOTTOM OF THE 3RD |
|
Seattle (APP) Mariners batting - Pitching for Burlington Royals : RHP Alex Rivas
|
|
Batting: RHB Chris Van Niel
|
0-0: Foul Ball, location: 2F 0-1: Fly out, F8 (Flyball, 8RM, EV 91.9 MPH)
|
|
Batting: RHB Nick Edmunds
|
0-0: Called Strike 0-1: Called Strike 0-2: Ball 1-2: Foul Ball, location: 2F 1-2: Ball 2-2: Reached via error on a dropped throw from 3B, E3 (Groundball, 56S, EV 66.9 MPH)
|
|
Batting: SHB Carlos Luna
|
0-0: Called Strike 0-1: DOUBLE (Line Drive, 3D, EV 103.1 MPH) Nick Edmunds to third Runner from 3rd tries for Home, SAFE, throw by RF to home
|
|
Batting: LHB Chang Huie
|
0-0: Ball Carlos Luna steals 3rd base 1-0: Ball 2-0: Ball 3-0: Base on Balls
|
|
Batting: RHB Nick Ellis
|
0-0: Swinging Strike 0-1: Ball 1-1: Ball 2-1: Foul Ball, location: 2F 2-2: Foul Ball, location: 2F 2-2: Ball 3-2: Foul Ball, location: 2F 3-2: SINGLE (Groundball, 25, EV 70.6 MPH) (infield hit) Chang Huie to second
|
|
Batting: RHB Carlton McDonald
|
0-0: SINGLE (Line Drive, 56D, EV 101.2 MPH) Carlos Luna scores Chang Huie to third Nick Ellis to second Runner from 3rd tries for Home, throw by LF and OUT! 7-2
|
|
Batting: RHB Joaquin Salazar
|
0-0: Ball 1-0: Swinging Strike 1-1: Ground out 1-3 (Groundball, 34S, EV 65.6 MPH)
|
| Bottom of the 3rd over - 2 runs, 3 hits, 1 error, 2 left on base; Burlington 5 - Seattle (APP) 3 |
| TOP OF THE 4TH |
|
Burlington Royals batting - Pitching for Seattle (APP) Mariners : RHP Manny Ojeda
|
|
Pitching: RHP Eric Dixon
|
|
|
Batting: RHB Juan Nieves
|
0-0: Called Strike 0-1: Called Strike 0-2: Strikes out looking
|
|
Batting: LHB Jayden Pelayo
|
0-0: Ball 1-0: Ball 2-0: Called Strike 2-1: Foul Ball, location: 2F 2-2: Foul Ball, location: 2F 2-2: Ball 3-2: Base on Balls
|
|
Batting: RHB Shura Mogilny
|
0-0: Called Strike 0-1: DOUBLE (Line Drive, 7LM, EV 105.6 MPH) Jayden Pelayo to third
|
|
Batting: RHB Tim Williams
|
0-0: Called Strike 0-1: Called Strike 0-2: Ball 1-2: Ground out 6-3 (Groundball, 6, EV 87.5 MPH) Jayden Pelayo scores Shura Mogilny to third
|
|
Batting: SHB Alex Cavazos
|
0-0: Foul Ball, location: 2F 0-1: Called Strike 0-2: Ball 1-2: Strikes out swinging
|
| Top of the 4th over - 1 run, 1 hit, 0 errors, 1 left on base; Burlington 6 - Seattle (APP) 3 |
| BOTTOM OF THE 4TH |
|
Seattle (APP) Mariners batting - Pitching for Burlington Royals : RHP Alex Rivas
|
|
Batting: LHB Yoshihisa Kobayashi
|
0-0: Called Strike 0-1: Ball 1-1: Swinging Strike 1-2: Strikes out swinging
|
|
Batting: RHB Josh Carpenter
|
0-0: Called Strike 0-1: Swinging Strike 0-2: Ground out 4-3 (Groundball, 4, EV 99.4 MPH)
|
|
Batting: RHB Chris Van Niel
|
0-0: Ball 1-0: Ball 2-0: Foul Ball, location: 2F 2-1: Ball 3-1: SINGLE (Groundball, 4MD, EV 102.5 MPH)
|
|
Pitching: RHP Ryan Robbins
|
|
|
Batting: RHB Nick Edmunds
|
0-0: Ball 1-0: Foul Ball, location: 2F 1-1: Ball 2-1: Foul Ball, location: 2F 2-2: Foul Ball, location: 2F 2-2: Ball 3-2: Foul Ball, location: 2F 3-2: Ground out 5-3 (Groundball, 5, EV 86.2 MPH)
|
| Bottom of the 4th over - 0 runs, 1 hit, 0 errors, 1 left on base; Burlington 6 - Seattle (APP) 3 |
| TOP OF THE 5TH |
|
Burlington Royals batting - Pitching for Seattle (APP) Mariners : RHP Eric Dixon
|
|
Batting: RHB Hugo Chavez
|
0-0: Swinging Strike 0-1: Ball 1-1: Swinging Strike 1-2: Ball 2-2: Strikes out swinging
|
|
Batting: RHB Masakuni Takeuchi
|
0-0: Ball 1-0: Called Strike 1-1: DOUBLE (Line Drive, 3D, EV 97.5 MPH)
|
|
Batting: RHB Jason Conner
|
0-0: Called Strike 0-1: Ball 1-1: Ball 2-1: Swinging Strike 2-2: SINGLE (Groundball, 6MD, EV 99.4 MPH) Masakuni Takeuchi to third
|
|
Pitching: RHP Frank Cabrera
|
|
|
Batting: RHB David Rubio
|
0-0: Ball 1-0: Foul Ball, location: 2F 1-1: Foul Ball, location: 2F 1-2: Foul Ball, location: 2F 1-2: Strikes out looking
|
|
Batting: RHB Juan Nieves
|
0-0: Ball 1-0: DOUBLE (Groundball, 5L, EV 110.0 MPH) Masakuni Takeuchi scores Jason Conner to third Runner from 3rd tries for Home, SAFE, no throw by LF
|
|
Batting: LHB Jayden Pelayo
|
0-0: Ball 1-0: 2-RUN HOME RUN (Flyball, 9LD, EV 90.0 MPH), Distance : 343 ft
|
|
Batting: RHB Shura Mogilny
|
0-0: Fly out, F8 (Flyball, 8LM, EV 90.6 MPH)
|
| Top of the 5th over - 4 runs, 4 hits, 0 errors, 0 left on base; Burlington 10 - Seattle (APP) 3 |
| BOTTOM OF THE 5TH |
|
Seattle (APP) Mariners batting - Pitching for Burlington Royals : RHP Ryan Robbins
|
|
Batting: SHB Carlos Luna
|
0-0: Fly out, F5 (Popup, 5F, EV 58.1 MPH)
|
|
Batting: LHB Chang Huie
|
0-0: DOUBLE (Groundball, 3L, EV 103.1 MPH)
|
|
Batting: RHB Nick Ellis
|
0-0: Ball 1-0: Called Strike Chang Huie steals 3rd, throwing error, E2 Chang Huie scores 1-1: Ball 2-1: Foul Ball, location: 2F 2-2: Ball 3-2: Fly out, F7 (Flyball, 7LD, EV 85.6 MPH)
|
|
Batting: RHB Carlton McDonald
|
0-0: Ball 1-0: Called Strike 1-1: Ball 2-1: Ball 3-1: Base on Balls
|
|
Batting: RHB Joaquin Salazar
|
0-0: Called Strike 0-1: Ball 1-1: Swinging Strike 1-2: Strikes out looking
|
| Bottom of the 5th over - 1 run, 1 hit, 1 error, 1 left on base; Burlington 10 - Seattle (APP) 4 |
| TOP OF THE 6TH |
|
Burlington Royals batting - Pitching for Seattle (APP) Mariners : RHP Frank Cabrera
|
|
Batting: RHB Tim Williams
|
0-0: Ball 1-0: Called Strike 1-1: Ball 2-1: Ball 3-1: Base on Balls
|
|
Batting: SHB Alex Cavazos
|
0-0: Ball 1-0: Ball 2-0: Called Strike 2-1: Fielders Choice at 2nd, 6-4 (Groundball, 6, EV 80.0 MPH)
|
|
Batting: RHB Hugo Chavez
|
0-0: Ball 1-0: Called Strike 1-1: Foul Ball, location: 2F 1-2: Ball 2-2: Ball 3-2: Base on Balls Alex Cavazos to second
|
|
Pitching: RHP Domingo Maldonado
|
|
|
Batting: RHB Masakuni Takeuchi
|
0-0: Foul Ball, location: 2F 0-1: Ball 1-1: Foul Ball, location: 2F 1-2: Ball 2-2: Strikes out swinging
|
|
Batting: RHB Jason Conner
|
0-0: Called Strike 0-1: Ball 1-1: Reached on error, E6 (Groundball, P, EV 85.0 MPH) Alex Cavazos scores Hugo Chavez to third
|
|
Batting: RHB David Rubio
|
0-0: Ground out 5-3 (Groundball, 5L, EV 79.4 MPH)
|
| Top of the 6th over - 1 run, 0 hits, 1 error, 2 left on base; Burlington 11 - Seattle (APP) 4 |
| BOTTOM OF THE 6TH |
|
Seattle (APP) Mariners batting - Pitching for Burlington Royals : RHP Ryan Robbins
|
|
Batting: LHB Yoshihisa Kobayashi
|
0-0: Ball 1-0: Fly out, F9 (Flyball, 9, EV 88.1 MPH)
|
|
Batting: RHB Josh Carpenter
|
0-0: Ball 1-0: Ball 2-0: Called Strike 2-1: Foul Ball, location: 2F 2-2: Ball 3-2: SINGLE (Groundball, 5S, EV 61.9 MPH) (infield hit)
|
|
Batting: RHB Chris Van Niel
|
0-0: Ball 1-0: Ball 2-0: Fly out, F7 (Line Drive, 7, EV 92.5 MPH)
|
|
Batting: RHB Nick Edmunds
|
0-0: Called Strike 0-1: Ball 1-1: Swinging Strike 1-2: Ball 2-2: Ground out 6-3 (Groundball, 6M, EV 89.4 MPH)
|
| Bottom of the 6th over - 0 runs, 1 hit, 0 errors, 1 left on base; Burlington 11 - Seattle (APP) 4 |
| TOP OF THE 7TH |
|
Burlington Royals batting - Pitching for Seattle (APP) Mariners : RHP Domingo Maldonado
|
|
Batting: RHB Juan Nieves
|
0-0: Ball 1-0: Fly out, F7 (Flyball, 7, EV 96.2 MPH)
|
|
Batting: LHB Jayden Pelayo
|
0-0: Called Strike 0-1: Foul Ball, location: 2F 0-2: Ball 1-2: Ball 2-2: Strikes out looking
|
|
Batting: RHB Shura Mogilny
|
0-0: Foul Ball, location: 2F 0-1: Called Strike 0-2: Ball 1-2: Strikes out swinging
|
| Top of the 7th over - 0 runs, 0 hits, 0 errors, 0 left on base; Burlington 11 - Seattle (APP) 4 |
| BOTTOM OF THE 7TH |
|
Seattle (APP) Mariners batting - Pitching for Burlington Royals : RHP Ryan Robbins
|
|
Batting: SHB Carlos Luna
|
0-0: Called Strike 0-1: Ball 1-1: Ball 2-1: Fly out, F5 (Popup, 5SF, EV 75.6 MPH)
|
|
Batting: LHB Chang Huie
|
0-0: Foul Ball, location: 2F 0-1: Fly out, F7 (Flyball, 78S, EV 92.5 MPH)
|
|
Batting: RHB Nick Ellis
|
0-0: Ball 1-0: Called Strike 1-1: Called Strike 1-2: Ball 2-2: Ball 3-2: Foul Ball, location: 2F 3-2: Fly out, F5 (Popup, 5SF, EV 76.2 MPH)
|
| Bottom of the 7th over - 0 runs, 0 hits, 0 errors, 0 left on base; Burlington 11 - Seattle (APP) 4 |
| TOP OF THE 8TH |
|
Burlington Royals batting - Pitching for Seattle (APP) Mariners : RHP Domingo Maldonado
|
|
Batting: RHB Tim Williams
|
0-0: Called Strike 0-1: Swinging Strike 0-2: Strikes out swinging
|
|
Batting: SHB Alex Cavazos
|
0-0: Ball 1-0: Ground out 3-1 (Groundball, 34, EV 103.8 MPH)
|
|
Batting: RHB Hugo Chavez
|
0-0: Ball 1-0: Ground out 5-3 (Groundball, 56, EV 83.8 MPH)
|
| Top of the 8th over - 0 runs, 0 hits, 0 errors, 0 left on base; Burlington 11 - Seattle (APP) 4 |
| BOTTOM OF THE 8TH |
|
Seattle (APP) Mariners batting - Pitching for Burlington Royals : RHP Ryan Robbins
|
|
Batting: RHB Carlton McDonald
|
0-0: Swinging Strike 0-1: Fly out, F8 (Flyball, 89S, EV 84.4 MPH)
|
|
Pinch Hitting: LHB Prince Nunley
|
0-0: SOLO HOME RUN (Flyball, 9LD, EV 93.1 MPH), Distance : 348 ft
|
|
Batting: LHB Yoshihisa Kobayashi
|
0-0: Ball 1-0: Swinging Strike 1-1: Ball 2-1: Foul Ball, location: 2F 2-2: Ball 3-2: Base on Balls
|
|
Pitching: RHP Paul Gibbens
|
|
|
Batting: RHB Josh Carpenter
|
0-0: Called Strike 0-1: Ball 1-1: Fly out, F8 (Flyball, 8LS, EV 91.2 MPH)
|
|
Batting: RHB Chris Van Niel
|
0-0: Ball 1-0: Foul Ball, location: 2F 1-1: Ball 2-1: DOUBLE (Flyball, 89D, EV 90.6 MPH) Yoshihisa Kobayashi to third
|
|
Batting: RHB Nick Edmunds
|
0-0: Ball 1-0: Swinging Strike 1-1: Foul Ball, location: 2F 1-2: Ball 2-2: Strikes out swinging
|
| Bottom of the 8th over - 1 run, 2 hits, 0 errors, 2 left on base; Burlington 11 - Seattle (APP) 5 |
| TOP OF THE 9TH |
|
Burlington Royals batting - Pitching for Seattle (APP) Mariners : RHP Domingo Maldonado
|
|
Now in LF: Prince Nunley
|
|
|
Now in CF: Chang Huie
|
|
|
Batting: RHB Masakuni Takeuchi
|
0-0: Foul Ball, location: 2F 0-1: Foul Ball, location: 2F 0-2: Foul Ball, location: 2F 0-2: Ball 1-2: Ball 2-2: Ground out 6-3 (Groundball, 6, EV 88.1 MPH)
|
|
Pitching: RHP Victor Ocampo
|
|
|
Batting: RHB Jason Conner
|
0-0: Foul Ball, location: 2F 0-1: Ball 1-1: SINGLE (Groundball, 4D, EV 98.1 MPH)
|
|
Batting: RHB David Rubio
|
0-0: Ball 1-0: Foul Ball, location: 2F 1-1: Foul Ball, location: 2F 1-2: Ball 2-2: Ball 3-2: Fly out, F8 (Flyball, 8LD, EV 85.6 MPH)
|
|
Batting: RHB Juan Nieves
|
Pickoff Throw to First - Error! E1 Jason Conner to second 0-0: Called Strike 0-1: Swinging Strike 0-2: Ball 1-2: Hit by Pitch
|
|
Batting: LHB Jayden Pelayo
|
0-0: Swinging Strike 0-1: 3-RUN HOME RUN (Flyball, 78XD, EV 107.5 MPH), Distance : 409 ft
|
|
Batting: RHB Shura Mogilny
|
0-0: Ball 1-0: Ball 2-0: Foul Ball, location: 2F 2-1: Ball 3-1: Base on Balls
|
|
Batting: RHB Tim Williams
|
0-0: Ball 1-0: Fly out, F6 (Line Drive, 6, EV 73.1 MPH)
|
| Top of the 9th over - 3 runs, 2 hits, 1 error, 1 left on base; Burlington 14 - Seattle (APP) 5 |
| BOTTOM OF THE 9TH |
|
Seattle (APP) Mariners batting - Pitching for Burlington Royals : RHP Paul Gibbens
|
|
Pinch Hitting: RHB Rowan Prince
|
0-0: Called Strike 0-1: Ground out 6-3 (Groundball, 6, EV 103.8 MPH)
|
|
Batting: LHB Chang Huie
|
0-0: Foul Ball, location: 2F 0-1: Hit by Pitch
|
|
Batting: RHB Nick Ellis
|
0-0: Fielders Choice at 2nd, 5-4 (Groundball, 5, EV 110.0 MPH)
|
|
Batting: RHB Carlton McDonald
|
0-0: Swinging Strike 0-1: Fly out, F7 (Flyball, 78D, EV 84.4 MPH)
|
| Bottom of the 9th over - 0 runs, 0 hits, 0 errors, 1 left on base; Burlington 14 - Seattle (APP) 5 |
|